 Dungeon Crawl Stone Soup version 0.30-a0-125-g51eefa89be (webtiles) character file.

Game seed: 13343060704714649309

12881 Casaw the Covert (level 11, -11/54 HPs)
             Began as a Spriggan Enchanter on Sept 18, 2022.
             Was an Elder of Dithmenos.
             Mangled by a dire elephant (31 damage)
             ... in a Gauntlet.
             The game lasted 00:40:25 (11576 turns).

Casaw the Covert (Spriggan Enchanter)              Turns: 11576, Time: 00:40:26

Health: -11/54     AC:  9    Str:  8    XL:     11   Next: 68%
Magic:  21/27      EV: 21    Int: 18    God:    Dithmenos [****..]
Gold:   527        SH:  0    Dex: 15    Spells: 21/32 levels left

rFire   . . .      SeeInvis +    a - +4 dagger (venom)
rCold   . . .      Faith    .    (no shield)
rNeg    . . .      Spirit   .    D - +1 steam dragon scales
rPois   .          Reflect  .    (helmet restricted)
rElec   .          Harm     .    w - +2 cloak
rCorr   +          Rampage  .    (gloves unavailable)
Will    +....      NoTele   +    (boots unavailable)
Stlth   ++++++++..               m - amulet of regeneration
HPRegen 1.78/turn                l - ring of resist corrosion
MPRegen 0.20/turn                A - ring of wizardry

@: wreathed by umbra, very quick
A: very small, no large weapons, unfitting armour, see invisible, speed 3,
mutation resistance 1, regeneration 1, screaming 1
a: Renounce Religion, Shadow Step


You were in a Gauntlet.
You worshipped Dithmenos.
Dithmenos was greatly pleased with you.
You visited 2 branches of the dungeon, and saw 12 of its levels.
You also visited: Ossuary, Bailey and Gauntlet.

You collected 791 gold pieces.
You spent 264 gold pieces at shops.

Inventory:

Hand Weapons
 a - a +4 dagger of venom (weapon)
 r - a +2 dagger of electrocution
Missiles
 i - 34 poisoned darts (quivered)
 p - 2 throwing nets
 y - 2 curare-tipped darts
Armour
 w - a +2 cloak (worn)
 D - +1 steam dragon scales (worn)
Jewellery
 h - an amulet of magic regeneration
 l - a ring of resist corrosion (left hand)
 m - an amulet of regeneration (around neck)
 A - a ring of wizardry (right hand)
 H - the ring "Qumenujemo" {rElec rPois Int+4}
   (You found it in a Gauntlet)

   [ring of poison resistance]

   Int:       It affects your intelligence (+4).
   rElec:     It insulates you from electricity.
   rPois:     It protects you from poison.
Wands
 x - a wand of iceblast (10)
 E - a wand of quicksilver (7)
Scrolls
 d - 4 scrolls of teleportation
 e - 3 scrolls of amnesia
 f - 2 scrolls of brand weapon
 k - 4 scrolls of fear
 C - a scroll of identify
 F - a scroll of immolation
Potions
 b - 3 potions of cancellation
 c - 3 potions of invisibility
 g - 2 potions of might
 j - 2 potions of ambrosia
 n - 3 potions of flight
 o - 9 potions of curing
 q - a potion of haste
 s - a potion of magic
 t - 4 potions of brilliance
 v - a potion of lignification
 z - a potion of resistance
 B - a potion of mutation
 G - 2 potions of berserk rage


   Skills:
 + Level 4.9 Fighting
 + Level 6.7 Short Blades
 + Level 8.4 Dodging
 + Level 14.0 Stealth
 + Level 11.4 Spellcasting
 + Level 11.6 Hexes


You had 21 spell levels left.
You knew the following spells:

 Your Spells              Type           Power      Damage    Failure   Level
a - Ensorcelled Hibernat  Hex/Ice        62%        N/A       1%          2
b - Tukima's Dance        Hex            51%        N/A       1%          3
c - Dazzling Flash        Conj/Hex       62%        N/A       1%          3
d - Confusing Touch       Hex            51%        N/A       1%          3

Your spell library contained the following spells:

 Spells                   Type           Power      Damage    Failure   Level
 Beastly Appendage        Tmut           20%        N/A       2%          1
 Magic Dart               Conj           40%        1d5       2%          1
 Sting                    Tmut/Pois      40%        1d5       2%          1
 Call Imp                 Summ           10%        N/A       4%          2
 Poisonous Vapours        Pois/Air       20%        N/A       4%          2
 Wereblood                Tmut           10%        N/A       4%          2
 Mephitic Cloud           Conj/Pois/Air  10%        N/A       9%          3
 Spider Form              Tmut/Pois      10%        N/A       9%          3
 Airstrike                Air            5%         2d(1-17)  26%         4
 Olgreb's Toxic Radiance  Pois           10%        N/A       26%         4
 Summon Lightning Spire   Summ/Air       10%        N/A       26%         4
 Fireball                 Conj/Fire      5%         3d5       56%         5
 Iskenderun's Battlesphe  Conj           10%        2d6       56%         5
 Lightning Bolt           Conj/Air       5%         1d17      56%         5
 Conjure Ball Lightning   Conj/Air       5%         3x3d6     98%         6
 Orb of Destruction       Conj           5%         9d5       100%        7


Dungeon Overview and Level Annotations

Branches:
Dungeon (11/15)            Temple (1/1) D:5            Lair (0/5) D:9
    Orc (0/2) D:9         Ossuary (visited)          Bailey (visited)
Gauntlet (1/1)

Altars:
Ashenzari
Cheibriados
Dithmenos
Elyvilon
Fedhas
Gozag
Hepliaklqana
Kikubaaqudgha
Makhleb
Nemelex Xobeh
Okawaru
Qazlal
Ru
Sif Muna
Trog
Uskayaw
Vehumet
Wu Jian
Xom
Yredelemnul
Zin
The Shining One

Shops:
D:6 *

Annotations:
Temple 2 transporters Gauntlet 10 transporters, 22 runed translucent doors, exclusions: obsidian statue and 2 orange crystal statues


Innate Abilities, Weirdness & Mutations

You are very small and have problems with some larger weapons.
You are too small for most types of armour.
You have supernaturally acute eyesight. (SInv)
You cover ground extremely quickly. (Speed+++)
You are somewhat resistant to further mutation.
Your natural rate of healing is unusually fast.
You occasionally shout uncontrollably at your foes.


Message History

There is a transporter here.
You enter the transporter and appear at another place.
The elephant closely misses you.
The elephant trunk-slaps you but does no damage.
The dire elephant closely misses you. The dire elephant trunk-slaps you.
Unknown command.
Unknown command.
Casting: Ensorcelled Hibernation (safe; 1% risk of failure)
Confirm with . or Enter, or press ? or * to list all spells.
Casting: Dazzling Flash (safe; 1% risk of failure)
Press: ? - help, Dir - look around, f - activate The elephant is dazzled.
The elephant misses you. The elephant barely misses you.
The dire elephant completely misses you.
The dire elephant trunk-slaps you.
Unknown command.
Casting: Dazzling Flash (safe; 1% risk of failure)
Confirm with . or Enter, or press ? or * to list all spells.
Okay, then.
Unknown command.
Casting: Dazzling Flash (safe; 1% risk of failure)
Confirm with . or Enter, or press ? or * to list all spells.
Casting: Dazzling Flash (safe; 1% risk of failure)
Press: ? - help, Dir - look around, f - activate The dire elephant is dazzled.
The dire elephant tramples you!!
Ouch! That really hurt!
* * * LOW HITPOINT WARNING * * *
You emit a cloud of dark smoke.
You stumble backwards!
The elephant completely misses you. The elephant misses you.
You feel much better. The dire elephant tramples you!!
* * * LOW HITPOINT WARNING * * *
You hold your ground!
The dire elephant trunk-slaps you but does no damage.
Unknown command.
You feel much better.
The elephant is no longer blind.
The elephant tramples you!
You hold your ground!
The elephant trunk-slaps you but does no damage.
The dire elephant tramples you!!
Ouch! That really hurt!
You die...

##§..#.........#...#########...#
#≈§..###########...............≈
##.....................8.....8.#
##.8.....8.....8...............
#≈...............###########...
##...#########...#......^..#...
#≈...###...###...#.#.#.#^#.#...
##...###...#######..#.#^#.[#...
#≈...#..+##$##@Y§#.#.#^#^#=#...
##.8©#..#©#.©#Y8§#..#^s.#.©#.8.
#§...#..##'.##§§.#.#.#.#^#[#...
##...###...#######.^#.#.#..#...
#≈...###...###...#.#.#^#.#^#...
##...#########...#..y..^...#...
#≈...............###########...
##.8.....8.....8...............
#≈....................8......8.


You could see a dire elephant (wandering, blind), an elephant and a moth of
wrath (wandering).

Vanquished Creatures
  The ghost of Smoky173 the Fighter, a journeyman OgBe of Trog (D:10)
  A boulder beetle (D:10)
  A two-headed ogre (D:11)
  Pikel (D:4)
  An orc knight (Bailey)
  2 unseen horror zombies (D:10)
  An unseen horror (D:11)
  3 trolls
  A hornet (D:9)
  12 yaks (D:10)
  A wraith (D:9)
  2 steam dragons (D:8)
  3 vampire mosquitoes (D:10)
  3 water moccasins
  5 ice beasts
  6 orc warriors
  4 ogres
  A centaur (D:7)
  2 kobold brigands
  An elf zombie (Ossuary)
  2 phantoms
  5 bullfrogs
  A gnoll sergeant (D:7)
  4 scorpions
  3 necrophages
  8 wights
  3 killer bees (D:10)
  5 howler monkeys
  3 orc priests
  A hound (D:6)
  2 jellies
  A gnoll bouda (D:7)
  Jessica (D:2)
  6 iguanas
  8 orc wizards
  3 mummies (Ossuary)
  9 adders
  3 gnolls (D:7)
  2 white imps (D:7)
  An ufetubus (D:7)
  3 dart slugs
  35 orcs
  5 ball pythons
  6 endoplasms
  5 goblins
  9 hobgoblins
  3 jackals (D:1)
  9 kobolds
  4 quokkas
  3 bats
  8 frilled lizards
  A gnoll zombie (Ossuary)
  3 goblin zombies (Ossuary)
  3 hobgoblin zombies (Ossuary)
  2 kobold zombies (Ossuary)
  2 quokka zombies (Ossuary)
  8 rats
  7 rat zombies
239 creatures vanquished.

Vanquished Creatures (collateral kills)
  Joseph (D:9)
  Maggie (D:10)
  4 orc warriors (Bailey)
  A centaur (D:7)
  A kobold brigand (D:6)
  5 wights
  An orc priest (D:3)
  An orc wizard (D:11)
  A gnoll (D:7)
  10 orcs
  5 kobolds (D:6)
31 creatures vanquished.

Vanquished Creatures (others)
  14 dancing weapons
  A fungus (D:9)
  12 plants
  A withered plant (Gauntlet)
28 creatures vanquished.

Grand Total: 298 creatures vanquished

Notes
Turn   | Place    | Note
-------+----------+-------------------------------------------
     0 | D:1      | Casaw the Spriggan Enchanter began the quest for the Orb.
     0 | D:1      | Reached XP level 1. HP: 9/9 MP: 5/5
   572 | D:2      | Noticed Jessica
   878 | D:1      | Found a faded altar of an unknown god.
   942 | D:1      | Reached XP level 2. HP: 13/13 MP: 7/7
   946 | D:1      | Learned a level 2 spell: Ensorcelled Hibernation
  1458 | D:1      | Reached XP level 3. HP: 14/16 MP: 9/9
  1462 | D:1      | Learned a level 3 spell: Tukima's Dance
  1466 | D:1      | Learned a level 3 spell: Confusing Touch
  2651 | D:2      | Killed Jessica
  2652 | D:2      | Reached skill level 5 in Hexes
  2652 | D:2      | Reached XP level 4. HP: 21/21 MP: 11/11
  2668 | D:2      | Got Jessica's Spellbook of Enchantment
  2673 | D:2      | Learned a level 3 spell: Dazzling Flash
  3096 | D:3      | Gained mutation: You are somewhat resistant to further
                  | mutation. [potion of mutation]
  3096 | D:3      | Gained mutation: You occasionally shout uncontrollably at
                  | your foes. [potion of mutation]
  3096 | D:3      | Gained mutation: Your natural rate of healing is unusually
                  | fast. [potion of mutation]
  3108 | D:3      | Found a hazy altar of Hepliaklqana.
  3281 | D:3      | Reached XP level 5. HP: 19/24 MP: 13/13
  3435 | D:3      | Reached skill level 5 in Spellcasting
  3666 | D:4      | Noticed a lemure
  3669 | D:4      | Found a burning altar of Makhleb.
  3670 | D:4      | Noticed Pikel
  3670 | D:4      | Noticed a lemure
  3670 | D:4      | Noticed a lemure
  3671 | D:4      | Noticed a lemure
  3779 | D:4      | Killed Pikel
  3780 | D:4      | Reached skill level 7 in Stealth
  3780 | D:4      | Reached XP level 6. HP: 28/28 MP: 11/16
  3780 | D:4      | Reached XP level 7. HP: 32/32 MP: 11/17
  4410 | D:5      | Entered Level 5 of the Dungeon
  4450 | D:5      | Reached skill level 8 in Stealth
  4509 | D:5      | Found a sand-covered staircase.
  4522 | Ossuary  | Entered an ossuary
  4722 | Ossuary  | Reached XP level 8. HP: 36/36 MP: 17/20
  4997 | D:5      | Found a staircase to the Ecumenical Temple.
  5033 | Temple   | Entered the Ecumenical Temple
  5033 | Temple   | Found a transporter.
  5033 | Temple   | Found a transporter.
  5035 | Temple   | Found a transporter.
  5035 | Temple   | Found a transporter.
  5055 | Temple   | Became a worshipper of Dithmenos the Shadowed
  5099 | D:5      | Reached skill level 9 in Stealth
  5677 | D:6      | Reached skill level 10 in Stealth
  5818 | D:6      | Found Qeobbusido's General Store.
  5848 | D:6      | Reached XP level 9. HP: 39/39 MP: 20/22
  5862 | D:6      | Bought 2 scrolls of identify for 48 gold pieces
  5862 | D:6      | Bought a scroll of enchant armour for 90 gold pieces
  5862 | D:6      | Bought a potion of curing for 36 gold pieces
  5862 | D:6      | Bought a scroll of enchant armour for 90 gold pieces
  6032 | D:6      | Reached * piety under Dithmenos
  6103 | D:6      | Reached skill level 1 in Fighting
  6283 | D:7      | Reached skill level 11 in Stealth
  6832 | D:7      | Reached skill level 10 in Hexes
  7600 | D:8      | Reached skill level 5 in Dodging
  7720 | D:8      | Reached XP level 10. HP: 47/47 MP: 9/24
  7857 | D:8      | Reached ** piety under Dithmenos
  7898 | D:8      | Found a hide-covered altar of Uskayaw.
  7898 | D:8      | Found a radiant altar of Vehumet.
  8067 | D:8      | Reached skill level 12 in Stealth
  8067 | D:8      | Reached skill level 10 in Spellcasting
  8473 | D:9      | Noticed Joseph
  8486 | D:9      | Found a staircase to the Lair.
  8584 | D:9      | Found a staircase to the Orcish Mines.
  8595 | D:9      | Identified the +7 whip "Poaggij" {freeze, Int+2 Stlth+}
  8762 | D:9      | Found a flagged portal.
  8787 | Bailey   | Entered a bailey
  9271 | Bailey   | Noticed an orc knight
  9296 | Bailey   | Killed an orc knight
  9297 | Bailey   | Reached skill level 5 in Short Blades
  9377 | Bailey   | Identified the +0 robe of the Iron City of Dis {Rampage
                  | rElec}
  9502 | D:9      | Killed Joseph
  9560 | D:9      | Reached *** piety under Dithmenos
  9696 | D:10     | Entered Level 10 of the Dungeon
  9719 | D:10     | Reached skill level 13 in Stealth
  9876 | D:10     | Reached XP level 11. HP: 26/53 MP: 16/26
 10215 | D:10     | Identified the +1 robe "Miedde" {rF+ rC+ Will++ Dex-4}
 10218 | D:10     | Noticed a boulder beetle
 10226 | D:10     | Killed a boulder beetle
 10242 | D:10     | Noticed Maggie
 10251 | D:10     | Killed Maggie
 10314 | D:10     | Found a runed translucent gate.
 10314 | D:10     | Found a runed translucent gate.
 10314 | D:10     | Found a runed translucent gate.
 10314 | D:10     | Noticed Smoky173's ghost (journeyman OgBe)
 10316 | D:10     | Found a basalt altar of Yredelemnul.
 10358 | D:10     | Killed Smoky173's ghost
 11062 | D:11     | Noticed a two-headed ogre
 11070 | D:11     | Killed a two-headed ogre
 11089 | D:11     | Reached **** piety under Dithmenos
 11090 | D:11     | Reached skill level 14 in Stealth
 11104 | D:11     | Found a gate leading to a gauntlet.
 11112 | Gauntlet | Entered a Gauntlet
 11112 | Gauntlet | Found a transporter.
 11139 | Gauntlet | Found a transporter.
 11151 | Gauntlet | Found a transporter.
 11155 | Gauntlet | Found a transporter.
 11157 | Gauntlet | Found a large runed translucent door.
 11158 | Gauntlet | Found a large runed translucent door.
 11159 | Gauntlet | Found a large runed translucent door.
 11159 | Gauntlet | Found a large runed translucent door.
 11159 | Gauntlet | Found a runed translucent door.
 11160 | Gauntlet | Found a large runed translucent door.
 11161 | Gauntlet | Found a large runed translucent door.
 11162 | Gauntlet | Found a large runed translucent door.
 11162 | Gauntlet | Found a large runed translucent door.
 11163 | Gauntlet | Found a runed translucent gate.
 11171 | Gauntlet | Found a transporter.
 11171 | Gauntlet | Found a runed translucent gate.
 11171 | Gauntlet | Noticed an obsidian statue
 11172 | Gauntlet | Found a runed translucent gate.
 11172 | Gauntlet | Found a runed translucent door.
 11174 | Gauntlet | Found a large runed translucent door.
 11174 | Gauntlet | Found a large runed translucent door.
 11175 | Gauntlet | Found a large runed translucent door.
 11176 | Gauntlet | Found a large runed translucent door.
 11185 | Gauntlet | Found a transporter.
 11188 | Gauntlet | Noticed an orange crystal statue
 11198 | Gauntlet | Found a transporter.
 11218 | Gauntlet | Found a transporter.
 11222 | Gauntlet | Found a transporter.
 11224 | Gauntlet | Found a runed translucent door.
 11224 | Gauntlet | Noticed a dire elephant
 11230 | Gauntlet | Found a transporter.
 11238 | Gauntlet | Found a runed translucent door.
 11260 | Gauntlet | Found a transporter.
 11260 | Gauntlet | Found a transporter.
 11260 | Gauntlet | Noticed an orange crystal statue
 11277 | Gauntlet | Found a large runed translucent door.
 11278 | Gauntlet | Found a large runed translucent door.
 11280 | Gauntlet | Found a large runed translucent door.
 11281 | Gauntlet | Found a large runed translucent door.
 11567 | Gauntlet | Identified the ring "Qumenujemo" {rElec rPois Int+4}
 11576 | Gauntlet | Mangled by a dire elephant

Illustrated notes

Levels and vault maps discovered:
D:1:      nzn_arrival_depleted_hourglass, layout_basic,
          chequers_ecumenical_altar_simple
D:2:      layout_basic, kennysheep_jessica_study
D:3:      layout_basic, mainiacjoe_overflow_surrounded_room, minivault_5,
          minmay_misc_feat_encased, roderic_st_hans_cross
D:4:      layout_loops_cross, bloody_makhleb, uniq_pikel
D:5:      layout_cave_pools, minmay_temple_entry_overgrown, enter_ossuary_3
D:6:      layout_rooms, serial_shops, nicolae_shop_crystal,
          chequers_serial_rivers_micro_d, kennysheep_flooded_box
D:7:      layout_cave_pods, serial_park, serial_park_gazebo
          [serial_park_minivault_5x5_1], serial_park_avenue1,
          serial_park_tiny_1, serial_park_square3 [serial_park_minivault_5x5_7],
          minivault_1, hangedman_decor_riveting, serial_bayou_lagoon_a,
          nicolae_grassy_gnolls
D:8:      layout_basic, gammafunk_temple_overflow_pools
D:9:      layout_rooms, dpeg_oklobed_lair, enter_bailey_5, uniq_joseph
D:10:     layout_basic, nicolae_yredelemnul_ghost_church, reono_crystal_passage,
          hangedman_decor_push, chequers_serial_rivers_micro_e, uniq_maggie
D:11:     layout_loops_ring, gauntlet_entry_generic, okawaru_altar_gauntlet_db
Temple:   hellmonk_temple_divided_pantheon
Gauntlet: minmay_gauntlet_mixed_oops_all_seconds
          [minmay_gauntlet_arena_77_cramped, gammafunk_gauntlet_arena_corners,
          minmay_gauntlet_arena_77_two_paths, gammafunk_gauntlet_arena_grid,
          minmay_gauntlet_arena_77_p_blocks,
          minmay_gauntlet_arena_make_your_own_arena,
          nicolae_gauntlet_exit_dead_adventurers]

Skill      XL: |  1  2  3  4  5  6  7  8  9 10 11 |
---------------+----------------------------------+-----
Spellcasting   | 3 4 6 7 8 9 10 11 | 11.4
Hexes          | 4 5 7 9 10 11 | 11.6
Stealth        | 7 8 10 11 13 14 | 14.0
Dodging        | 5 7 8 |  8.4
Fighting       | 2 4 |  4.9
Short Blades   | 3 5 6 |  6.7

Action                   |  1- 3 |  4- 6 |  7- 9 | 10-12 || total
-------------------------+-------+-------+-------+-------++-------
Melee: Dagger            |    94 |    50 |   404 |   284 ||   832
       Punch             |     1 |       |     2 |     1 ||     4
Throw: Dart              |       |     1 |       |     1 ||     2
 Cast: Ensorcelled Hiber |     2 |     4 |    29 |    52 ||    87
       Tukima's Dance    |       |     3 |    22 |    31 ||    56
       Confusing Touch   |       |       |    18 |     9 ||    27
       Dazzling Flash    |       |       |       |     2 ||     2
  Use: Scroll            |    10 |     4 |    17 |     6 ||    37
       Potion            |       |     2 |       |     5 ||     7
 Stab: Sleeping          |    12 |     8 |    27 |    40 ||    87
       Confused          |       |       |    11 |     8 ||    19
       Distracted        |       |       |     1 |       ||     1
Armor: Robe              |     6 |     4 |    33 |       ||    43
       Steam dragon scal |       |       |       |    36 ||    36
Dodge: Dodged            |    59 |    43 |   246 |   210 ||   558

Table legend: (Time is in decaauts)
 A = Elapsed time spent in this place.
 B = Non-inter-level travel time spent in this place.
 C = Inter-level travel time spent in this place.
 D = Time resting spent in this place.
 E = Time spent auto-exploring this place.
 F = Levels seen in this place.
 G = Mean time per level.
                   A        B        C        D        E       F      G
               +--------+--------+--------+--------+--------+-----+--------+
         Total |   8617 |   8386 |    231 |    936 |   5168 |  15 |  574.5 |
       Dungeon |   7338 |   7107 |    231 |    527 |   4709 |  11 |  667.1 |
        Temple |     28 |     28 |      0 |      0 |      0 |   1 |   28.0 |
       Ossuary |    270 |    270 |      0 |     59 |     36 |   1 |  270.0 |
        Bailey |    594 |    594 |      0 |    107 |    324 |   1 |  594.0 |
      Gauntlet |    385 |    385 |      0 |    242 |     97 |   1 |  385.0 |
               +--------+--------+--------+--------+--------+-----+--------+

Top non-repeatable levels by time:
     D:2: 1086 daAuts
     D:1: 968 daAuts
    D:10: 965 daAuts
     D:7: 961 daAuts
     D:3: 686 daAuts
     D:8: 674 daAuts
  Bailey: 594 daAuts
     D:6: 586 daAuts
     D:4: 485 daAuts
     D:5: 447 daAuts
     D:9: 389 daAuts
Gauntlet: 385 daAuts
 Ossuary: 270 daAuts
    D:11: 86 daAuts
  Temple: 28 daAuts
